[Event "45th FIDE Olympiad 2024"]
[Site "Budapest"]
[Date "2024.09.18"]
[Round "7.93"]
[White "Bachmann, Axel"]
[Black "Albornoz Cabrera, Carlos Daniel"]
[Result "1/2-1/2"]
[ECO "E04"]
[WhiteElo "2560"]
[BlackElo "2579"]
[Annotator "RC"]
[PlyCount "89"]
[EventDate "2024.09.05"]
[EventType "team-tourn"]
[EventCountry "HUN"]
[SourceTitle "playchess.com"]
[Source "ChessBase"]
[SourceQuality "1"]
[WhiteTeam "Paraguay"]
[BlackTeam "Cuba"]
[WhiteTeamCountry "PAR"]
[BlackTeamCountry "CUB"]
[TimeControl "40/5400+30:1800+30"]

1. d4 Nf6 2. Nf3 d5 3. c4 e6 4. g3 dxc4 5. Bg2 Nc6 6. O-O Rb8 7. Nc3 b5 8. Ne5 Nxe5 9. dxe5 Nd7 10. Qd4 Bb7 11. Bxb7 Rxb7 12. Rd1 c5 13. Qe4 Qc8 14. a4 b4 15. Nb5 a6 16. Nd6+ Bxd6 17. Rxd6 O-O 18. Rxa6 c3 19. bxc3 bxc3 20. Rd6 Rb4 21. Qe3 Nb6 22. Qxc3 Nxa4 23. Qc2 Nb6 24. Bd2 Rb5 25. Qd3 c4 26. Qd4 Nd5 27. e4 Ne7 28. Rc1 Rc5 29. h4 h5 30. Bb4 Rc7 31. Ba5 Rc5 32. Bb4 Rc7 33. Qd1 Qb7 34. Rd8 Rxd8 35. Qxd8+ Kh7 36. Bd6 Rd7 37. Qe8 Nc8 38. Bc5 Qc6 39. Kh2 Rc7 40. Qxc6 Rxc6 41. Bd4 Ne7 42. Kg2 Kg6 43. Kf3 f5 44. exf6 gxf6 45. Ke2 1/2-1/2

[Event "45th FIDE Olympiad 2024"]
[Site "Budapest"]
[Date "2024.09.18"]
[Round "7.93"]
[White "Kamara, Ansumana"]
[Black "Enemchukwu, Chinedu Benjamin"]
[Result "1-0"]
[WhiteElo "1876"]
[BlackElo "2001"]
[PlyCount "101"]
[EventDate "2024.09.05"]
[EventType "team-tourn"]
[EventCountry "HUN"]
[WhiteTeam "Sierra Leone"]
[BlackTeam "Saint Vincent and the Grenadines"]
[WhiteTeamCountry "SIE"]
[TimeControl "40/5400+30:1800+30"]

1. e4 d5 2. exd5 Nf6 3. c4 e6 4. dxe6 Bxe6 5. Nf3 Nc6 6. Be2 Bc5 7. O-O Qd7 8. a3 a5 9. Nc3 O-O 10. d3 Rad8 11. Qb3 b6 12. Bg5 Be7 13. Nb5 Bg4 14. Rad1 h6 15. Bf4 Rc8 16. d4 Nh5 17. Be3 Nf6 18. d5 Nb8 19. Ne5 Qf5 20. Nxg4 Nxg4 21. Bxg4 Qxg4 22. h3 Qf5 23. d6 cxd6 24. Nxd6 Bxd6 25. Rxd6 Qe4 26. Rc1 Nc6 27. Qxb6 Rfe8 28. Qb7 Red8 29. Rcd1 Qe8 30. c5 Ne5 31. Qd5 Rxd6 32. cxd6 Nd7 33. Qxa5 Qe6 34. Qd5 Qe8 35. b4 Ra8 36. Qb3 Qd8 37. b5 Qa5 38. b6 Rb8 39. Rb1 Qe5 40. Qb4 Rb7 41. a4 f5 42. a5 Nb8 43. Qc4+ Kh7 44. a6 Nxa6 45. Qxa6 Qe4 46. Qb5 g5 47. d7 f4 48. Bxf4 Qxf4 49. d8=Q Rf7 50. Qbd3+ Kg7 51. Q3d4+ 1-0

[Event "45th FIDE Olympiad 2024"]
[Site "Budapest"]
[Date "2024.09.18"]
[Round "7.94"]
[White "Quesada Perez, Luis Ernesto"]
[Black "Delgado Ramirez, Neuris"]
[Result "1/2-1/2"]
[ECO "D50"]
[WhiteElo "2578"]
[BlackElo "2484"]
[Annotator "TA"]
[PlyCount "88"]
[EventDate "2024.09.05"]
[EventType "team-tourn"]
[EventCountry "HUN"]
[SourceTitle "playchess.com"]
[Source "ChessBase"]
[SourceQuality "1"]
[WhiteTeam "Cuba"]
[BlackTeam "Paraguay"]
[WhiteTeamCountry "CUB"]
[BlackTeamCountry "PAR"]
[TimeControl "40/5400+30:1800+30"]

1. d4 Nf6 2. c4 e6 3. Nf3 d5 4. Nc3 c5 5. cxd5 cxd4 6. Qxd4 exd5 7. Bg5 Be7 8. e3 O-O 9. Qa4 h6 10. Bh4 Qb6 11. Qb5 g5 (11... Qxb5 {simplifies} 12. Bxb5 Be6 13. Nd4 Rc8) 12. Bg3 (12. Qxb6 {simplifies} axb6 13. Bg3 Be6 14. a3) 12... Bb4 (12... Nc6 {simplifies} 13. Qxb6 axb6 14. Bd3 Be6) 13. Be5 Qxb5 14. Bxb5 Ne4 15. a3 Bxc3+ 16. Bxc3 Nxc3 17. bxc3 Bd7 18. Bd3 (18. a4 $14 {should be considered.}) 18... Nc6 19. Kd2 Na5 20. Nd4 {[%cal Og2g4] Prevents Nb3+.} Kg7 21. Rhb1 b6 22. Ba6 Rad8 23. a4 Kf6 24. Rb4 Bc8 25. Bd3 Be6 {[#]} 26. h4 $1 Rc8 (26... gxh4 27. Rh1) 27. Rh1 Nc6 28. Rb5 g4 29. Ra1 Na5 {The position is equal.} 30. Rb4 Rg8 31. Re1 Nc6 32. Rb5 Na5 33. Ra1 Rc5 34. Rb4 Bd7 35. Ra3 Rgc8 36. Nb5 Bxb5 37. axb5 h5 38. Rf4+ Kg7 39. Kc2 R8c7 40. Rf5 Nc4 41. Rb3 Na5 42. Ra3 Nc4 43. Rb3 Na5 44. Ra3 Nc4 {Weighted Error Value: White=0.05 (flawless) /Black=0.04 (flawless) .  Mistake:       	White=1     	---        Inaccurate:     	---       	Black=1      OK:         	White=12    	Black=17     Best:        	---       	Black=1} 1/2-1/2

[Event "45th FIDE Olympiad 2024"]
[Site "Budapest"]
[Date "2024.09.18"]
[Round "7.94"]
[White "Cottle, Brian S"]
[Black "Winston Gerald, Mansfield Thomas"]
[Result "1-0"]
[WhiteElo "1804"]
[BlackElo "1950"]
[PlyCount "77"]
[EventDate "2024.09.05"]
[EventType "team-tourn"]
[EventCountry "HUN"]
[WhiteTeam "Saint Vincent and the Grenadines"]
[BlackTeam "Sierra Leone"]
[BlackTeamCountry "SIE"]
[TimeControl "40/5400+30:1800+30"]

1. c4 Nf6 2. Nc3 d6 3. g3 c6 4. Bg2 e5 5. e3 Bf5 6. d4 Qc7 7. Nge2 Nbd7 8. b3 Be7 9. Bb2 O-O 10. O-O Rfe8 11. Rc1 Bg6 12. b4 Nb6 13. Qb3 Bd3 14. c5 dxc5 15. bxc5 Nbd7 16. Rfd1 Ba6 17. Rd2 Bf8 18. a4 Rad8 19. Rcc2 Qa5 20. Ba3 g6 21. h3 exd4 22. exd4 Bh6 23. f4 Re3 24. Bb4 Qc7 25. Qb2 Bd3 26. Nd1 Bxc2 27. Nxe3 Bxa4 28. Qa2 b5 29. cxb6 Nxb6 30. Nc3 Bb5 31. d5 a6 32. Ba5 cxd5 33. Ncxd5 Nfxd5 34. Bxd5 Qc1+ 35. Kh2 Rxd5 36. Nxd5 Nxd5 37. Qxd5 Bc6 38. Rd1 Qc2+ 39. Rd2 1-0

[Event "45th FIDE Olympiad 2024"]
[Site "Budapest"]
[Date "2024.09.18"]
[Round "7.95"]
[White "Cubas, Jose Fernando"]
[Black "Miranda Mesa, Elier"]
[Result "0-1"]
[ECO "B12"]
[WhiteElo "2417"]
[BlackElo "2512"]
[Annotator "TA"]
[PlyCount "83"]
[EventDate "2024.09.05"]
[EventType "team-tourn"]
[EventCountry "HUN"]
[SourceTitle "playchess.com"]
[Source "ChessBase"]
[SourceQuality "1"]
[WhiteTeam "Paraguay"]
[BlackTeam "Cuba"]
[WhiteTeamCountry "PAR"]
[BlackTeamCountry "CUB"]
[TimeControl "40/5400+30:1800+30"]

1. e4 c6 2. d4 d5 3. e5 Bf5 4. h4 h5 5. c4 e6 6. Nc3 Ne7 7. Nge2 Nd7 8. Ng3 Bg6 9. Bg5 {The position is equal.} Qb6 10. Rc1 dxc4 ({Black should play} 10... Qxb2 $15 11. Bd3 f6 12. Bxg6+ Nxg6) 11. Bxc4 $11 O-O-O {[%cal Od7e5] And now ...Nxe5! would win.} 12. Na4 $1 Qc7 {[%cal Od7e5] ...Nxe5! would now be deadly.} 13. Qb3 (13. O-O $1 $14) 13... Nb6 14. Nc5 $2 {This costs White the game.} (14. Nxb6+ $1 $11 Qxb6 15. Qxb6 axb6 16. Be3) 14... Rxd4 $19 15. Bxe6+ fxe6 16. Qxe6+ Kb8 {[%cal Oe7d5] White must now prevent ...Ned5!} 17. O-O Bh7 {Hoping for ...Bg8.} 18. Qf7 {[#]} (18. Qb3 $17) 18... Ned5 $1 (18... Qxe5 $2 19. Rfe1 Bg6 (19... Qd5 20. Rxe7 Qxf7 21. Rxf7 $18) 20. Qxf8+ (20. Bxe7 $2 Qxe1+ 21. Rxe1 Bxf7 $19) (20. Rxe5 Bxf7 21. Bxe7 Bxa2 $11) 20... Rxf8 21. Rxe5 $18) 19. Qe8+ Qc8 20. Bd8 $2 {[#]} (20. Qxc8+ Kxc8 21. Ne6) 20... Bg6 21. Qxg6 Bxc5 (21... Qxd8 22. Ne6 Nf4 (22... Qxh4 $2 23. Qe8+ Nc8 24. Nf5 $18) 23. Nxf4 Rxf4 24. Rc3) 22. Bg5 Be7 23. Nf5 Bxg5 24. Nxd4 Bxc1 25. Rxc1 Qd7 26. e6 Nf4 $1 27. exd7 ({Wrong is} 27. Qe4 $2 Qxd4 28. Re1 Qxe4 (28... Qxb2 29. Qxf4+ Kc8 30. e7 $11) 29. Rxe4 Nbd5 $19) 27... Nxg6 28. Rd1 Rd8 (28... Nxd7 $2 29. Nxc6+ bxc6 30. Rxd7 $19) 29. Ne6 Rxd7 30. Rxd7 Nxd7 31. Nxg7 Nf6 ({Much less strong is} 31... Nxh4 32. Nxh5 Ne5 33. f4 $19) 32. g3 Kc7 33. f3 Kd6 34. Kf2 Ke5 35. Ke3 Ne7 36. f4+ Kd5 37. Kf3 c5 38. g4 hxg4+ 39. Kg3 Ke4 {( -> ...Nf5+)} 40. h5 Nf5+ 41. Nxf5 Kxf5 42. h6 {Weighted Error Value: White=0.76/Black=0.27 (precise) .  Loses game:     	White=1     	---        Mistake:       	White=3     	Black=2      Inaccurate:     	White=3     	---        OK:         	White=10    	Black=17     Best:        	White=2     	Black=4      Strong:       	White=1     	Black=1} 0-1

[Event "45th FIDE Olympiad 2024"]
[Site "Budapest"]
[Date "2024.09.18"]
[Round "7.95"]
[White "Adeshole Beckley, Brian"]
[Black "Schneider, James U"]
[Result "1-0"]
[WhiteElo "1814"]
[BlackElo "1486"]
[PlyCount "119"]
[EventDate "2024.09.05"]
[EventType "team-tourn"]
[EventCountry "HUN"]
[WhiteTeam "Sierra Leone"]
[BlackTeam "Saint Vincent and the Grenadines"]
[WhiteTeamCountry "SIE"]
[TimeControl "40/5400+30:1800+30"]

1. d4 Nf6 2. c4 e6 3. Nf3 d5 4. Nc3 Bb4 5. Bg5 O-O 6. e3 b6 7. cxd5 exd5 8. Bd3 Bb7 9. O-O Be7 10. Qc2 h6 11. Bf4 Nbd7 12. Nb5 c6 13. Nd6 Bxd6 14. Bxd6 Re8 15. h3 Rc8 16. Rac1 Ne4 17. Bh2 c5 18. Qa4 c4 19. Bb1 a5 20. Bxe4 Bc6 21. Bh7+ Kxh7 22. Qc2+ Kg8 23. Qf5 Qf6 24. Qxf6 Nxf6 25. Ne5 Bb5 26. Rfe1 Nd7 27. Rc3 Nxe5 28. Bxe5 f6 29. Bh2 Ba6 30. a4 b5 31. axb5 Bxb5 32. Bd6 Ra8 33. g4 Re6 34. Bc5 Rae8 35. f3 Bc6 36. b3 Kf7 37. bxc4 dxc4 38. e4 g6 39. Ra1 Ba8 40. Rxa5 f5 41. Ra7+ Kg8 42. d5 Rf6 43. Bd4 Rf7 44. Rxc4 fxe4 45. fxe4 Rd8 46. Rxf7 Kxf7 47. Rc7+ Ke8 48. Rh7 Bxd5 49. Rh8+ Kd7 50. Rxd8+ Kxd8 51. exd5 h5 52. g5 Kd7 53. Be5 Ke7 54. Kf2 Kd7 55. Ke3 Ke7 56. Kd4 Kd7 57. Kc5 Ke7 58. Kc6 Kd8 59. d6 h4 60. Bf6+ 1-0

[Event "45th FIDE Olympiad 2024"]
[Site "Budapest"]
[Date "2024.09.18"]
[Round "7.96"]
[White "Almeida Quintana, Omar"]
[Black "Almiron, Antonio"]
[Result "1/2-1/2"]
[ECO "E12"]
[WhiteElo "2492"]
[BlackElo "2312"]
[Annotator "TA"]
[PlyCount "73"]
[EventDate "2024.09.05"]
[EventType "team-tourn"]
[EventCountry "HUN"]
[SourceTitle "playchess.com"]
[Source "ChessBase"]
[SourceQuality "1"]
[WhiteTeam "Cuba"]
[BlackTeam "Paraguay"]
[WhiteTeamCountry "CUB"]
[BlackTeamCountry "PAR"]
[TimeControl "40/5400+30:1800+30"]

1. d4 Nf6 2. Nf3 e6 3. c4 b6 4. a3 Bb7 5. Nc3 d5 6. cxd5 Nxd5 7. Bd2 Nd7 8. Qc2 c5 9. e4 Nxc3 10. Bxc3 cxd4 11. Nxd4 a6 12. g3 Be7 13. Bg2 O-O 14. O-O Rc8 15. Rfd1 Rc7 16. Bh3 Bf6 17. Qe2 Re8 18. Bb4 Be7 {Wards off Bd6} 19. e5 Bc5 20. Bxc5 bxc5 21. Nc2 Qb8 22. f4 Nb6 23. Ne3 Rd8 (23... h6 $11) 24. f5 $16 Kh8 (24... Re7 $16) 25. fxe6 fxe6 26. Bxe6 ({White should try} 26. Rxd8+ $1 $18 Qxd8 27. Rf1 (27. Bxe6 Re7 $11)) 26... Re8 27. Qg4 {Strongly threatening Rd6. Black is weak on the dark squares} Rce7 (27... Rc6 28. Nf5 Qxe5 29. Re1 Qxb2 30. Bd5) 28. Rd6 (28. Nf5 {is interesting.} Qxe5 29. Nxe7 Qe3+ 30. Kf1) 28... Nc8 {[#]} 29. Nf5 {White has more active pieces.} Nxd6 30. exd6 {[%mdl 8192] [#]} (30. Nxe7 $16 {White wants to mate with Ng6+.} Rxe7 31. exd6 Qxd6 32. Rd1) 30... g6 $1 31. dxe7 {[%cal Oa1d1] Black must now prevent Rd1!} (31. Nxe7 $6 Qxd6 32. Nxg6+ hxg6 $14) 31... Qe5 {[#]} 32. Rf1 $2 Qxe6 $11 {The position is equal.} 33. Nh6 $1 ({Not} 33. Qa4 $2 Bc6 34. Qh4 gxf5 $19) 33... Qe3+ (33... Rxe7 $2 {perishes.} 34. Rf8+ Kg7 35. Rg8+ (35. Rf7+ Qxf7 36. Nxf7 Rxf7 $18) 35... Qxg8 36. Nxg8 Kxg8 37. Qg5 $18) 34. Rf2 Qe1+ 35. Rf1 {Dancing on a razor blade.} Qe3+ 36. Rf2 Qe1+ 37. Rf1 {Weighted Error Value: White=0.32/Black=0.26 (precise) .  Loses game:     	White=1     	---        Missed win:     	---       	Black=1      Mistake:       	White=2     	Black=2      Inaccurate:     	---       	Black=2      OK:         	White=6     	Black=7      Best:        	White=3     	Black=3      Strong:       	White=1     	---} 1/2-1/2

[Event "45th FIDE Olympiad 2024"]
[Site "Budapest"]
[Date "2024.09.18"]
[Round "7.97"]
[White "Meier, Georg"]
[Black "Kadric, Denis"]
[Result "1/2-1/2"]
[ECO "E62"]
[WhiteElo "2591"]
[BlackElo "2553"]
[Annotator "TA"]
[PlyCount "107"]
[EventDate "2024.09.05"]
[EventType "team-tourn"]
[EventCountry "HUN"]
[SourceTitle "playchess.com"]
[Source "ChessBase"]
[SourceQuality "1"]
[WhiteTeam "Uruguay"]
[BlackTeam "Montenegro"]
[WhiteTeamCountry "URU"]
[BlackTeamCountry "MNE"]
[TimeControl "40/5400+30:1800+30"]

1. Nf3 Nf6 2. c4 d6 3. d4 g6 4. Nc3 Bg7 5. g3 Bf5 6. Bg2 Ne4 7. Nb1 Nf6 8. O-O c6 9. b3 O-O 10. Bb2 a5 11. Nc3 Ne4 12. Rc1 Nxc3 13. Bxc3 Be4 14. e3 d5 15. Bh3 e6 16. Nd2 Bd3 17. Re1 Nd7 18. e4 Nb6 19. cxd5 cxd5 20. e5 Bh6 21. Qf3 Bb5 22. a4 Bd7 23. Qd3 Nc8 24. f4 {[#]} b5 $1 25. axb5 Na7 26. Nf3 Qb6 27. Bd2 Nxb5 28. Bf1 Rfb8 29. f5 Bf8 30. fxg6 fxg6 31. Qe3 a4 32. bxa4 Rxa4 33. Rb1 Qa7 34. Rb3 Na3 {[#] aiming for ...Nc2.} 35. Rxb8 Qxb8 36. Qf4 Be7 (36... Qe8 $11) 37. Bd3 $1 $14 Nc4 38. Rb1 {Inhibits Qb2.} (38. Bc1 $1 $14) 38... Qa8 $11 39. Bc1 {Ng5 would now be deadly.} Ra1 40. Ng5 {White wants to mate with Qf7+.} Bxg5 41. Qxg5 {Rxa1 is the strong threat.} Rxb1 42. Bxb1 Qf8 $1 43. Kg2 Na5 44. Bd3 Nc6 45. Be3 Be8 46. h4 Qa3 {The position is equal.} 47. Be2 Qb2 48. Qg4 Bf7 (48... Nd8 {simplifies} 49. Bf2 Bb5 50. Bxb5 Qxb5 51. Qg5 Qe8) 49. Kf2 Ne7 50. Qg5 Nf5 51. Qd8+ Kg7 52. Qf6+ Kg8 53. Qd8+ Kg7 54. Qf6+ {Weighted Error Value: White=0.05 (flawless) /Black=0.04 (flawless) .  Mistake:       	White=1     	Black=1      Inaccurate:     	White=2     	Black=1      OK:         	White=16    	Black=19     Best:        	White=1     	Black=3      Strong:       	White=1     	Black=1      Brilliant:      	---       	Black=1} 1/2-1/2

[Event "45th FIDE Olympiad 2024"]
[Site "Budapest"]
[Date "2024.09.18"]
[Round "7.97"]
[White "Bhakta, Bahadur Monger"]
[Black "Kabamwanishi, Mashala"]
[Result "0-1"]
[WhiteElo "1911"]
[BlackElo "1914"]
[PlyCount "46"]
[EventDate "2024.09.05"]
[EventType "team-tourn"]
[EventCountry "HUN"]
[WhiteTeam "Bhutan"]
[BlackTeam "Democratic Republic of the Congo"]
[WhiteTeamCountry "BTN"]
[TimeControl "40/5400+30:1800+30"]

1. d4 Nf6 2. Nf3 d5 3. Bf4 c5 4. e3 Nc6 5. dxc5 e6 6. Nbd2 Bxc5 7. c3 O-O 8. Bd3 Re8 9. Ne5 Qb6 10. b4 Nxe5 11. Bxe5 Be7 12. Qf3 Nd7 13. Qh3 g6 14. Bd4 Qc7 15. f4 e5 16. g4 exd4 17. f5 Qxc3 18. fxg6 hxg6 19. Bxg6 fxg6 20. Qh6 Qxe3+ 21. Qxe3 dxe3 22. Nf3 Bxb4+ 23. Ke2 Ne5 {0-} 0-1

[Event "45th FIDE Olympiad 2024"]
[Site "Budapest"]
[Date "2024.09.18"]
[Round "7.98"]
[White "Petrov, Nikita"]
[Black "Rodriguez Vila, Andres"]
[Result "1-0"]
[ECO "E11"]
[WhiteElo "2574"]
[BlackElo "2417"]
[Annotator "TA"]
[PlyCount "91"]
[EventDate "2024.09.05"]
[EventType "team-tourn"]
[EventCountry "HUN"]
[SourceTitle "playchess.com"]
[Source "ChessBase"]
[SourceQuality "1"]
[WhiteTeam "Montenegro"]
[BlackTeam "Uruguay"]
[WhiteTeamCountry "MNE"]
[BlackTeamCountry "URU"]
[TimeControl "40/5400+30:1800+30"]

1. d4 e6 2. c4 Bb4+ 3. Nd2 c5 4. a3 Bxd2+ 5. Qxd2 cxd4 6. Nf3 Nf6 7. Nxd4 O-O {Black is weak on the dark squares} 8. b4 d5 9. e3 e5 10. Nf3 {White has an edge.} e4 11. Nd4 Nbd7 (11... dxc4 $11 {keeps the balance.} 12. Bxc4 Nbd7) 12. Bb2 (12. c5 $1 $16) 12... Ne5 (12... dxc4 $1 $11 {remains equal.} 13. Bxc4 Ne5) 13. c5 $16 Qe7 14. Rc1 Rd8 15. Qc3 Nfg4 16. Rc2 Qg5 17. Rd2 (17. Nb5 $14) 17... Bd7 $11 18. h3 Nf6 {[%cal Oe5d3] [#]} 19. Ne6 $1 Nd3+ 20. Qxd3 (20. Bxd3 Qxg2 (20... Bxe6 21. Bf1 $14) 21. Rf1 Bxe6 $17 (21... fxe6 22. Be2 $11)) 20... fxe6 (20... Bxe6 $11 21. Qb5 Rdb8) 21. Qd4 $14 Rdc8 22. h4 Qh6 (22... Qf5 $16 {keeps fighting.}) 23. Be2 Ne8 24. Qe5 a5 25. g4 {Threatens to win with g5.} Qf6 {[#]} 26. Qg3 {White is more active.} Qe7 27. g5 ({White should try} 27. O-O $18) 27... axb4 $16 28. axb4 Ra4 {[#]} 29. h5 (29. O-O $1 $18) 29... Rxb4 $14 30. h6 Qxc5 {[%cal Ob4b2] Hoping for ...Rxb2!} 31. O-O Rxb2 {White now steadily converts the win.} 32. Rxb2 $16 b5 (32... Rc7 $16 {was necessary.} 33. Rfb1 Bc8) 33. Rfb1 $18 Qd6 (33... Nd6 {might work better.} 34. Bg4 Qc7) 34. Qh4 ({Don't do} 34. Bxb5 Bxb5 35. Rxb5 Qxg3+ 36. fxg3 gxh6 $18) 34... Nc7 35. hxg7 {[%cal Og5g6] And now g6! would win.} Qe5 $2 (35... Qe7 36. Ra2 Qxg7) 36. Rc2 Ne8 37. Rxc8 Bxc8 38. Bxb5 ({Not} 38. Rxb5 Ba6 $18) 38... Nxg7 {[#]} 39. g6 $1 hxg6 40. Qd8+ Kh7 41. Qxc8 d4 42. exd4 Qg5+ 43. Kf1 e3 44. Qf8 Qd5 45. Bd3 ({Worse is} 45. fxe3 Qh1+ 46. Ke2 Qxb1 $11) 45... Qxd4 46. Ke2 {Weighted Error Value: White=0.18 (very precise) /Black=0.49.  Mistake:       	White=4     	Black=8      Inaccurate:     	White=1     	Black=4      OK:         	White=10    	Black=6      Best:        	White=3     	Black=2} 1-0

[Event "45th FIDE Olympiad 2024"]
[Site "Budapest"]
[Date "2024.09.18"]
[Round "7.99"]
[White "Vazquez, Facundo"]
[Black "Djukic, Nikola"]
[Result "1/2-1/2"]
[ECO "A62"]
[WhiteElo "2388"]
[BlackElo "2515"]
[Annotator "RC"]
[PlyCount "98"]
[EventDate "2024.09.05"]
[EventType "team-tourn"]
[EventCountry "HUN"]
[SourceTitle "playchess.com"]
[Source "ChessBase"]
[SourceQuality "1"]
[WhiteTeam "Uruguay"]
[BlackTeam "Montenegro"]
[WhiteTeamCountry "URU"]
[BlackTeamCountry "MNE"]
[TimeControl "40/5400+30:1800+30"]

1. d4 Nf6 2. c4 e6 3. g3 c5 4. d5 exd5 5. cxd5 d6 6. Nc3 g6 7. Bg2 Bg7 8. Nf3 O-O 9. O-O Re8 10. Bf4 h6 11. Qc1 g5 12. Bd2 Bf5 13. h4 g4 14. Ne1 Kh7 15. Nd3 a6 16. a4 Nbd7 17. Nf4 Ne5 18. Nd1 b5 19. Ne3 Bd7 20. Qc2+ Kg8 21. Bc3 Qe7 22. Rfd1 Rec8 23. Nf5 Bxf5 24. Qxf5 c4 25. Nh5 Nxh5 26. Qxh5 Rcb8 27. Be4 b4 28. Bd4 Rb7 29. Rac1 c3 30. bxc3 b3 31. Rb1 Rc8 32. Bh7+ Kf8 33. Bf5 Rc4 34. Bxg4 Rxa4 35. e4 a5 36. Qf5 Rc4 37. Be2 Rcc7 38. Qh7 a4 39. f4 a3 40. fxe5 dxe5 41. d6 Qxd6 42. Be3 Qg6 43. Rd8+ Ke7 44. Qg8 Qxg3+ 45. Kf1 Qh3+ 46. Kf2 Qh2+ 47. Kf3 Qh3+ 48. Kf2 Qh2+ 49. Kf3 Qh3+ 1/2-1/2

[Event "45th FIDE Olympiad 2024"]
[Site "Budapest"]
[Date "2024.09.18"]
[Round "7.99"]
[White "Suk, Raj Monger"]
[Black "Kasongo, Kazadi Olivier"]
[Result "1-0"]
[WhiteElo "1821"]
[BlackElo "1794"]
[PlyCount "53"]
[EventDate "2024.09.05"]
[EventType "team-tourn"]
[EventCountry "HUN"]
[WhiteTeam "Bhutan"]
[BlackTeam "Democratic Republic of the Congo"]
[WhiteTeamCountry "BTN"]
[TimeControl "40/5400+30:1800+30"]

1. e4 e5 2. Nf3 Nc6 3. Bc4 h6 4. d4 exd4 5. Nxd4 Qf6 6. Be3 Qg6 7. O-O Ne5 8. Bb3 c6 9. Bf4 Ng4 10. Nf5 Bc5 11. Qf3 N8f6 12. h3 h5 13. Bd6 Bxd6 14. Nxd6+ Ke7 15. Nxc8+ Raxc8 16. hxg4 hxg4 17. Qg3 Qh6 18. f3 gxf3 19. Qxf3 Qh4 20. Nc3 Ng4 21. Qh3 Qg5 22. Rxf7+ Kd6 23. Qg3+ Kc5 24. Rf5+ Qxf5 25. exf5 Nh2 26. Na4+ Kd4 27. Re1 1-0

[Event "45th FIDE Olympiad 2024"]
[Site "Budapest"]
[Date "2024.09.18"]
[Round "7.100"]
[White "Draskovic, Luka"]
[Black "Coppola, Claudio"]
[Result "1-0"]
[ECO "D02"]
[WhiteElo "2497"]
[BlackElo "2286"]
[Annotator "TA"]
[PlyCount "65"]
[EventDate "2024.09.05"]
[EventType "team-tourn"]
[EventCountry "HUN"]
[SourceTitle "playchess.com"]
[Source "ChessBase"]
[SourceQuality "1"]
[WhiteTeam "Montenegro"]
[BlackTeam "Uruguay"]
[WhiteTeamCountry "MNE"]
[BlackTeamCountry "URU"]
[TimeControl "40/5400+30:1800+30"]

1. Nf3 d5 2. g3 Nc6 3. d4 Bf5 4. Bg2 Nb4 5. Na3 e6 6. c3 Nc6 7. Qb3 a6 (7... Rb8 $11) 8. O-O {White is slightly better.} (8. Qxb7 $2 Na5 $19) (8. Nh4 $5 Bg4 9. h3 $14 (9. Qxb7 $2 {perishes.} Na5 $19)) 8... Nf6 9. Bg5 (9. Qxb7 $2 {loses.} Na5 $19) 9... Na5 10. Qd1 h6 11. Bxf6 gxf6 12. Nb1 b5 13. Nbd2 c6 14. Re1 Bg7 15. e4 Bh7 16. e5 f5 (16... fxe5 $14 17. Nxe5 O-O) 17. a4 $16 O-O 18. b4 Nb7 19. Qe2 Qd7 20. Bf1 Rfc8 21. a5 Qe7 22. Qe3 Kh8 23. Bd3 Rg8 24. Kh1 Bg6 25. Rg1 Bh5 26. h3 Raf8 27. g4 fxg4 {[#]} (27... Bg6 28. gxf5 exf5) 28. hxg4 $18 {White is clearly winning.} Bg6 29. g5 hxg5 (29... Re8 $142 30. Bxg6 (30. gxh6 Bf8 $18) 30... fxg6 31. gxh6 Bf8) 30. Nxg5 {Intending Qh3+ and mate.} Bh6 31. Qh3 Kg7 {[#]} 32. Nxe6+ $1 Qxe6 33. Qxe6 {Weighted Error Value: White=0.09 (flawless) /Black=0.35.  Mistake:       	---       	Black=4      Inaccurate:     	White=3     	Black=3      OK:         	White=10    	Black=5      Best:        	---       	Black=1} 1-0

[Event "45th FIDE Olympiad 2024"]
[Site "Budapest"]
[Date "2024.09.18"]
[Round "7.101"]
[White "Kuybokarov, Temur"]
[Black "Henderson De La Fuente, Lance"]
[Result "0-1"]
[ECO "C67"]
[WhiteElo "2562"]
[BlackElo "2519"]
[Annotator "TA"]
[PlyCount "96"]
[EventDate "2024.09.05"]
[EventType "team-tourn"]
[EventCountry "HUN"]
[SourceTitle "playchess.com"]
[Source "ChessBase"]
[SourceQuality "1"]
[WhiteTeam "Australia"]
[BlackTeam "Andorra"]
[WhiteTeamCountry "AUS"]
[BlackTeamCountry "AND"]
[TimeControl "40/5400+30:1800+30"]

1. e4 e5 2. Nf3 Nc6 3. Bb5 Nf6 4. O-O Nxe4 5. d4 Nd6 6. Bxc6 dxc6 7. dxe5 Nf5 8. Qxd8+ Kxd8 9. Nc3 Ne7 10. h3 Ng6 {C67: Ruy Lopez: Berlin Defence: 4 0-0 Nxe4.} 11. Bg5+ Ke8 12. Rad1 Be6 13. Nd4 Bc4 14. Rfe1 h6 15. Bc1 Bb4 16. Bd2 Rd8 17. Nf5 $146 ({Predecessor:} 17. a3 Bc5 18. Nf5 Bf8 19. Ng3 Be6 20. Nh5 Bf5 21. Ne4 Rd4 22. Nhg3 Be6 23. f4 {½-½ Cinca,D (2360)-Gil,M (2603) ROM 85 Years-A email 2010}) 17... Bf8 (17... Rg8 $11) 18. Ne4 Be6 19. Nfg3 h5 (19... Bxa2 $2 20. b3 $18) (19... Nxe5 $2 20. f4 $18) 20. Ng5 Be7 21. Nxe6 fxe6 22. Ne4 Rf8 23. Bc3 Rd5 24. f3 h4 25. Kf1 b5 26. Bd4 a5 27. a4 Bb4 28. c3 Be7 29. Nf2 bxa4 30. Ra1 a3 $1 31. bxa3 c5 32. Be3 Nxe5 33. Rab1 Kd7 34. Rb5 {[#]} (34. a4 $15) 34... c4 $1 $17 35. Rd1 {[#]} (35. Rb2 $17 {was called for.}) 35... Kc6 $1 $19 ({Stronger than} 35... Bxa3 36. Rdxd5+ exd5 37. Rxd5+ Bd6 38. Rxa5 $11) 36. Rdxd5 exd5 37. Rxa5 Rb8 38. Bd4 (38. Ra6+ $17 Kd7 39. Ra5 Rb1+ 40. Ke2) 38... Nd3 $19 (38... Rb1+ 39. Ke2 Nd7 40. Ra6+ Kb5 41. Rg6 $16) 39. Ng4 Rb1+ 40. Ke2 Rb2+ 41. Kf1 Bd6 42. Ra8 Bg3 43. Be3 Rc2 (43... Rb1+ 44. Ke2 Nf4+ (44... Rb2+ $2 45. Kd1 $19) 45. Bxf4 Bxf4 46. Rf8 Rb2+ 47. Kd1) 44. a4 Rxc3 45. a5 (45. Ra6+ $142 Kd7 46. Ra5) 45... Ra3 $19 46. Bd4 c3 47. Ne3 Ra1+ 48. Ke2 Nf4# 0-1